 Dungeon Crawl Stone Soup version 0.28-a0-895-g6e5f11bd55 (webtiles) character file.

Game seed: 4083460893789423143

18 ytrimaz the Skirmisher (level 2, 13/24 HPs)
             Began as a Demonspawn Fighter on Nov 22, 2021.
             Quit the game on level 1 of the Dungeon.
             The game lasted 00:01:21 (958 turns).

ytrimaz the Skirmisher (Demonspawn Fighter)          Turns: 958, Time: 00:01:22

Health: 13/24      AC:  6    Str: 16    XL:     2   Next: 48%
Magic:  2/2        EV:  9    Int:  9    God:
Gold:   45         SH:  4    Dex: 12    Spells: 1/1 levels left

rFire   . . .      SeeInvis +   a - +0 war axe
rCold   . . .      Faith    .   c - +0 buckler
rNeg    . . .      Spirit   .   b - +0 scale mail
rPois   .          Reflect  .   (no helmet)
rElec   .          Harm     .   (no cloak)
rCorr   .          Rampage  .   (no gloves)
Will    .....                   (no boots)
Stlth   ..........              (no amulet)
HPRegen 0.08/turn               i - ring of see invisible
MPRegen 0.08/turn               (no ring)

@: no status effects
A: hooves 1
a: no special abilities


You were on level 1 of the Dungeon.
You visited 1 branch of the dungeon, and saw 1 of its levels.

You collected 45 gold pieces.

Inventory:

Hand Weapons
 a - a +0 war axe (weapon)
Armour
 b - a +0 scale mail (worn)
 c - a +0 buckler (worn)
Jewellery
 i - a ring of see invisible (left hand)
Scrolls
 g - a scroll of blinking
Potions
 d - a potion of might
 e - a potion of haste


   Skills:
 + Level 3.2 Fighting
 * Level 2.2 Axes
 + Level 2.8 Armour
 + Level 2.9 Shields


You had one spell level left.
You didn't know any spells.
Your spell library contained the following spells:

 Spells                   Type           Power      Damage    Failure   Level
 Static Discharge         Conj/Air       0%         N/A       94%         2
 Dispel Undead            Necr           0%         3d6       100%        4
 Sticky Flame             Conj/Fire      0%         2d3       100%        4


Dungeon Overview and Level Annotations

Branches:
Dungeon (1/15)

Altars:


Innate Abilities, Weirdness & Mutations

You have large cloven feet.


Message History

You now have 45 gold pieces (gained 5).
You open the door.
There is an open door here.
There is a stone staircase leading down here.
Key pressed, stopping explore.
A bat comes into view.
You block the bat's attack. The bat hits you.
A bat is nearby!
A bat is nearby!
You hit the bat.
You kill the bat!
You see here a bat corpse.
You see here a +0 hunting sling.
Done exploring.
Done exploring.
Done exploring.
Done exploring.
As you read the scroll labelled WUTSON BARU, it crumbles to dust.
Your body is wracked with pain!
It was a scroll of torment.
Unknown command.
Blink to where?
Press: ? - help, Dir - move target, f - you Are you sure you want to cancel this blink? [Y]es or [N]o only, please.
Are you sure you want to cancel this blink? [Y]es or [N]o only, please.
Are you sure you want to cancel this blink?
Blink to where?
Press: ? - help, Dir - move target, f - you Are you sure you want to cancel this blink?
Blink to where?
Press: ? - help, Dir - move target, f - you Are you sure you want to cancel this blink?
Okay, then.
As you read the scroll labelled ILUPET YBRE, it crumbles to dust.
It was a scroll of blinking.
As you read the scroll labelled VEIFREPUFF, it crumbles to dust.
It is a scroll of identify.
e - a potion of haste Are you sure you want to abandon this character and quit the game? (Confirm with "yes".)

.#.###...# ##...#.#.#
####.#.#.# ..##.....#
#..###...############
##..##..............#
#..##.#.......####.#
##..#...>####.#.##.#
#..###.## #.#@...#
###..# #.# #...####
#....###.# #####
......##.####
......##.#..#
..#...##.#..#
#...####.#..#
##.#####.#..####
##.#...........#


There were no monsters in sight!

Vanquished Creatures
  A ball python (D:1)
  A giant cockroach (D:1)
  A goblin (D:1)
  4 hobgoblins (D:1)
  2 jackals (D:1)
  3 kobolds (D:1)
  2 bats (D:1)
  A frilled lizard (D:1)
15 creatures vanquished.

Notes
Turn   | Place    | Note
-------+----------+-------------------------------------------
     0 | D:1      | ytrimaz the Demonspawn Fighter began the quest for the Orb.
     0 | D:1      | Reached XP level 1. HP: 18/18 MP: 1/1
   306 | D:1      | Gained mutation: You have large cloven feet. [demonic
                  | ancestry]
   306 | D:1      | Reached XP level 2. HP: 18/24 MP: 2/2
   958 | D:1      | Quit the game

Illustrated notes

Levels and vault maps discovered:
D:1:      dpeg_arrival_round_b, layout_basic

Skill      XL: |  1 |
---------------+----+-----
Axes           | 2 |  2.2
Fighting       | |  3.2
Armour         | |  2.8
Shields        | |  2.9

Action                   || total
-------------------------++-------
Melee: War axe           ||    47
       Kick              ||     1
  Use: Scroll            ||     3
Armor: Scale mail        ||    32
Dodge: Dodged            ||    20
Block: Buckler           ||    12

Table legend: (Time is in decaauts)
 A = Elapsed time spent in this place.
 B = Non-inter-level travel time spent in this place.
 C = Inter-level travel time spent in this place.
 D = Time resting spent in this place.
 E = Time spent auto-exploring this place.
 F = Levels seen in this place.
 G = Mean time per level.
                   A        B        C        D        E       F      G
               +--------+--------+--------+--------+--------+-----+--------+
         Total |    977 |    977 |      0 |    105 |    743 |   1 |  977.0 |
       Dungeon |    977 |    977 |      0 |    105 |    743 |   1 |  977.0 |
               +--------+--------+--------+--------+--------+-----+--------+

Top non-repeatable levels by time:
     D:1: 977 daAuts
